 Dungeon Crawl Stone Soup version 0.18-a0-738-g888b110 (webtiles) character file.

23 Mindmaker the Charlatan (level 2, 12/24 HPs)
             Began as a Deep Dwarf Artificer on Dec 11, 2015.
             Quit the game on level 2 of the Dungeon.
             The game lasted 00:03:54 (865 turns).

Mindmaker the Charlatan (Deep Dwarf Artificer)       Turns: 865, Time: 00:03:54

Health: 12/24      AC:  5    Str: 14    XL:     2   Next: 75%
Magic:  5/5        EV: 16    Int: 12    God:
Gold:   47         SH:  3    Dex: 13    Spells: 0 memorised, 1 level left

rFire  . . .     SeeInvis .     a - +0 short sword
rCold  . . .     Clarity  .     b - +0 leather armour
rNeg   . . .     SustAt   .     q - +0 buckler
rPois  .         Gourm    .     (no helmet)
rElec  .         Spirit   .     m - +1 cloak
rCorr  .         Dismiss  .     (no gloves)
rMut   .         Stasis   .     (no boots)
MR     .....                    (no amulet)
Stlth  ++........               t - +5 ring of evasion
                                s - ring of stealth

@: non-regenerating, not resistant to hostile enchantments, unstealthy
A: damage resistance, recharge devices, sense surroundings 1, slow regeneration
3
a: Device Recharging


You were on level 2 of the Dungeon.
You were not hungry.

You visited 1 branch of the dungeon, and saw 2 of its levels.

You collected 47 gold pieces.

Inventory:

Hand Weapons
 a - a +0 short sword (weapon)
Armour
 b - a +0 leather armour (worn)
 m - a +1 cloak (worn)
 q - a +0 buckler (worn)
Jewellery
 s - a ring of stealth (left hand)
 t - a +5 ring of evasion (right hand)
Wands
 c - a wand of flame (15)
 d - a wand of enslavement (15)
 e - a wand of random effects (15)
 f - a wand of heal wounds (5)
Scrolls
 h - a scroll of recharging {unknown}
 l - a scroll of random uselessness {unknown}
 o - a scroll of identify {unknown}
Potions
 i - a potion of agility {unknown}
 j - a potion of flight {unknown}
 k - a potion of resistance {unknown}
 p - a potion of curing {unknown}
Comestibles
 g - a bread ration
 r - a beef jerky


   Skills:
 - Level 0.8 Fighting
 + Level 2.5 Short Blades
 - Level 2.1 Dodging
 - Level 1.2 Stealth
 - Level 4.0 Evocations


You had one spell level left.
You didn't know any spells.

Dungeon Overview and Level Annotations

Branches:
Dungeon (2/15)

Altars:
Trog


Innate Abilities, Weirdness & Mutations

You are resistant to damage.
You can recharge devices by infusing magical energy.
You passively map a small area around you.
You do not regenerate naturally.


Message History

The jackal misses you.
You hit the jackal but do no damage. You block the jackal's attack.
You hit the jackal.
You kill the jackal!
No target in view!
Things that are here:
a kobold corpse; a jackal corpse
There is an open door here.
There is a bloodstained altar of Trog here.
Things that are here:
a dagger; an animal skin You now have 24 gold pieces (gained 5).
You now have 33 gold pieces (gained 9).
All of the chunks of flesh in your inventory have rotted away.
Found a morningstar.
You now have 47 gold pieces (gained 14).
Found a leather armour.
Quiver which item? (- for none, * to show all) (? for menu, Esc to quit)
Okay, then.
Are you sure you want to abandon this character and quit the game? (Confirm with "yes".)

...# * , ,
...########.....##..... ,
..........#............,
#..................... ,
, ,
#...................++
#............#......#* ,
#..................###..,
,
........................
,, ,
...#######......@.......
..............####......
..###.........# ,....[
..............### ,....
................# , ...
...)....##......# ,, ..,
, ....)...##......# , . ,
........##.)....# , , ,,
........##......#


There were no monsters in sight!

Vanquished Creatures
  A giant gecko (D:1)
  A giant cockroach (D:1)
  A hobgoblin (D:1)
  3 jackals (D:2)
  4 kobolds
  2 bats (D:1)
  6 goblins
  3 rats (D:1)
21 creatures vanquished.

Notes
Turn   | Place    | Note
--------------------------------------------------------------
     0 | D:1      | Mindmaker the Deep Dwarf Artificer began the quest for the Orb.
     0 | D:1      | Reached XP level 1. HP: 16/16 MP: 3/3
    28 | D:1      | Reached skill level 1 in Short Blades
   208 | D:1      | Reached XP level 2. HP: 19/24 MP: 5/5
   788 | D:2      | Found a bloodstained altar of Trog.
   865 | D:2      | Quit the game

Vault maps used:
D:1:      saegor_arrival_simple_c
D:2:      grunt_pakellas_basics, zin_statuary, bloody_trog, first_bread,
          minmay_rats_cheesy_pizza, uniq_jessica, uniq_crazy_yiuf_cottage,
          uniq_iyjb

Action                   || total
-------------------------++-------
Melee: Short sword       ||    70
